 Dungeon Crawl Stone Soup version 0.28-a0-595-g9f6c0e134a (webtiles) character file.

Game seed: 6040962538526728439

92 robertstho the Magician (level 4, -2/32 HPs)
             Began as a Djinni Fire Elementalist on Oct 4, 2021.
             Slain by a scorpion zombie (7 damage)
             ... on level 3 of the Dungeon.
             The game lasted 00:03:16 (3274 turns).

robertstho the Magician (Djinni Fire Elementalist)  Turns: 3274, Time: 00:03:17

Health: -2/32      AC:  2    Str:  7    XL:     4   Next: 90%
Gold:   67         EV: 12    Int: 18    God:
                   SH:  0    Dex: 13

rFire   + + .      SeeInvis .   c - +0 dagger
rCold   x . .      Faith    .   (no shield)
rNeg    . . .      Spirit   .   a - +0 robe
rPois   ∞          Reflect  .   (no helmet)
rElec   .          Harm     .   (no cloak)
rCorr   .          Rampage  .   (no gloves)
Will    .....                   (boots unavailable)
Stlth   ++........              (no amulet)
HPRegen 0.10/turn               (no ring)
MPRegen 0.00/turn               (no ring)

@: flying, very slightly contaminated
A: sickness immunity, fire resistance 2, cold vulnerability 1, float, innate
caster, hp casting, extra vitality 1
a: no special abilities


You were on level 3 of the Dungeon.
You visited 1 branch of the dungeon, and saw 3 of its levels.

You collected 67 gold pieces.

Inventory:

Hand Weapons
 c - a +0 dagger (weapon)
Armour
 a - a +0 robe (worn)
Scrolls
 e - a scroll of amnesia {unknown}
 f - a scroll of teleportation {unknown}
 h - a scroll of identify {unknown}
Potions
 b - a potion of magic {unknown}
 d - a potion of degeneration {unknown}
 g - 2 potions of curing {unknown}
 i - a potion of ambrosia {unknown}


   Skills:
 * Level 1.1 Fighting
 + Level 2.3 Dodging
 + Level 1.9 Stealth
 * Level 3.7 Spellcasting


You couldn't memorise any spells.
You knew the following spells:

 Your Spells              Type           Power      Damage    Failure   Level
a - Foxfire               Conj/Fire      64%        2x1d7     3%          1
b - Scorch                Fire           32%        2d6       4%          2
c - Conjure Flame         Conj/Fire      16%        6-21      10%         3
d - Inner Flame           Hex/Fire       16%        N/A       10%         3
e - Flame Wave            Conj/Fire      16%        3d5       32%         4
f - Animate Skeleton      Necr           32%        N/A       3%          1
Your spell library was empty.

Dungeon Overview and Level Annotations

Branches:
Dungeon (3/15)

Altars:
Hepliaklqana
Beogh


Innate Abilities, Weirdness & Mutations

You are immune to sickness and miasma.
You are immune to poison.
Your flesh is very heat resistant. (rF++)
You are vulnerable to cold. (rC-)
You float through the air rather than walking.
You learn spells naturally, not from books.
Your magical power is your life essence.
You have superior vitality. (+4 HP)


Message History

You escape the ball python's grasp.
The scorpion zombie is no longer more vulnerable to fire.
The scorpion zombie hits you.
The ball python falls through a shaft!
The shaft crumbles and collapses.
Casting: Scorch (safe; 4% risk of failure)
Confirm with . or Enter, or press ? or * to list all spells.
Flames lash the scorpion zombie.
The scorpion zombie is heavily damaged.
The scorpion zombie's fire resistance burns away.
The scorpion zombie closely misses you.
Casting: Scorch (safe; 4% risk of failure)
Confirm with . or Enter, or press ? or * to list all spells.
You miscast Scorch.
You are very lightly contaminated with residual magic.
Nothing appears to happen.
The scorpion zombie hits you.
Casting: Scorch (safe; 4% risk of failure)
Confirm with . or Enter, or press ? or * to list all spells.
Flames lash the scorpion zombie.
The scorpion zombie is burned terribly!
The scorpion zombie is severely damaged.
The scorpion zombie hits you but does no damage.
Casting: Scorch (safe; 4% risk of failure)
Confirm with . or Enter, or press ? or * to list all spells.
You miscast Scorch.
Nothing appears to happen.
The scorpion zombie hits you.
* * * LOW HITPOINT WARNING * * *
Unknown command.
Casting: Scorch (safe; 4% risk of failure)
Confirm with . or Enter, or press ? or * to list all spells.
Flames lash the scorpion zombie.
The scorpion zombie is burned terribly!
The scorpion zombie is almost destroyed.
* * * LOW HITPOINT WARNING * * *
The scorpion zombie closely misses you.
Unknown command.
Casting: Scorch (safe; 4% risk of failure)
Confirm with . or Enter, or press ? or * to list all spells.
Flames lash the scorpion zombie.
The scorpion zombie is burned terribly!
The scorpion zombie is almost destroyed.
* * * LOW HITPOINT WARNING * * *
The scorpion zombie is no longer more vulnerable to fire.
The scorpion zombie hits you!
You die...

#.....# #..# #.#
#.##.#####>.# #.#
#.##........# #.#
##.##....###.# #.#
#........# #.# #.#
##..#####.# #.# #.#
....# #.# #.# #.#
###.# #.###.#####.#
#.#####.......@Z.)#
#...........####..#
############# #..#
#.... ...### ####


You could see a scorpion zombie.

Vanquished Creatures
  3 adders
  2 worms (D:2)
  A dart slug (D:1)
  An orc (D:3)
  2 ball pythons
  6 bats
  4 endoplasms
  4 giant cockroaches
  5 goblins
  4 hobgoblins (D:1)
  4 jackals (D:2)
  3 quokkas (D:1)
  2 frilled lizards
  6 kobolds
  5 rats
52 creatures vanquished.

Vanquished Creatures (others)
  208 foxfires
208 creatures vanquished.

Grand Total: 260 creatures vanquished

Notes
Turn   | Place    | Note
-------+----------+-------------------------------------------
     0 | D:1      | robertstho the Djinni Fire Elementalist began the quest for
                  | the Orb.
     0 | D:1      | Reached XP level 1. HP: 15/15 MP: 0/0
   303 | D:1      | Reached XP level 2. HP: 17/22 MP: 0/0
   466 | D:1      | Found a faded altar of an unknown god.
   798 | D:1      | Reached skill level 3 in Spellcasting
   798 | D:1      | Reached XP level 3. HP: 25/26 MP: 0/0
   798 | D:1      | Learned a level 1 spell: Animate Skeleton
  2186 | D:2      | Found a hazy altar of Hepliaklqana.
  2324 | D:2      | Reached XP level 4. HP: 29/31 MP: 0/0
  2821 | D:2      | Reached skill level 1 in Fighting
  3274 | D:3      | Slain by a scorpion zombie

Illustrated notes

Levels and vault maps discovered:
D:1:      dpeg_arrival_subterranean_lakeside_camping, layout_basic,
          hellmonk_ecumenical_altar_defaced_shrine,
          chequers_serial_rivers_small_3
D:2:      layout_loops_corners, basic_altar
D:3:      minmay_razor_zed, layout_loops_ring, general_overflow_altar,
          cheibrodos_sewer_entry_bend, corner_web_ring

Skill      XL: |  1  2  3  4 |
---------------+-------------+-----
Spellcasting   | 3 |  3.7
Fighting       | 1 |  1.1
Dodging        | |  2.3
Stealth        | |  1.9

Action                   |  1- 3 |  4- 6 || total
-------------------------+-------+-------++-------
Melee: Dagger            |       |     1 ||     1
 Cast: Foxfire           |    95 |    36 ||   131
       Scorch            |       |     5 ||     5
Armor: Robe              |     5 |     2 ||     7
Dodge: Dodged            |     8 |     8 ||    16

Table legend: (Time is in decaauts)
 A = Elapsed time spent in this place.
 B = Non-inter-level travel time spent in this place.
 C = Inter-level travel time spent in this place.
 D = Time resting spent in this place.
 E = Time spent auto-exploring this place.
 F = Levels seen in this place.
 G = Mean time per level.
                   A        B        C        D        E       F      G
               +--------+--------+--------+--------+--------+-----+--------+
         Total |   3273 |   3228 |     45 |      0 |   2867 |   3 | 1091.0 |
       Dungeon |   3273 |   3228 |     45 |      0 |   2867 |   3 | 1091.0 |
               +--------+--------+--------+--------+--------+-----+--------+

Top non-repeatable levels by time:
     D:1: 1663 daAuts
     D:2: 1428 daAuts
     D:3: 180 daAuts
